 Seeded DCSS version 0.30-a0-738-g116ff8c4af (webtiles) character file.

Game seed: 5430720872467839093 (custom seed)

27 purpskrrrp the Shooter (level 2, -1/15 (17) HPs)
             Began as a Deep Elf Hunter on Feb 4, 2023.
             Slain by a necrophage (7 damage)
             ... on level 2 of the Dungeon.
             The game lasted 00:01:11 (967 turns).

purpskrrrp the Shooter (Deep Elf Hunter)             Turns: 967, Time: 00:01:12

HP:   -1/15 (17)    AC:  3    Str: 14    XL:     2   Next: 93%
MP:   4/4           EV: 13    Int: 11    God:
Gold: 45            SH:  0    Dex: 20    Spells: 1/1 levels left

rFire   . . .      SeeInvis .    a - +0 shortbow
rCold   . . .      Faith    .    (shield currently unavailable)
rNeg    . . .      Spirit   .    c - +0 leather armour
rPois   .          Reflect  .    (no helmet)
rElec   .          Harm     .    (no cloak)
rCorr   .          Rampage  .    (no gloves)
Will    .....                    (no boots)
Stlth   +++                      (no amulet)
HPRegen 0.22/turn                l - +6 ring of strength
MPRegen 0.09/turn                (no ring)

@: attractive, heavily drained
A: thin skeletal structure 1, dopey 1
a: no special abilities


You were on level 2 of the Dungeon.
You visited 1 branch of the dungeon, and saw 2 of its levels.

You collected 45 gold pieces.

Inventory:

Hand Weapons
 a - a +0 shortbow (weapon)
Armour
 c - a +0 leather armour (worn)
Jewellery
 l - a +6 ring of strength (left hand)
 n - a ring of protection from cold
Scrolls
 b - a scroll of immolation
 e - a scroll of teleportation {unknown}
 g - 3 scrolls of amnesia {unknown}
 i - a scroll of noise {unknown}
 j - a scroll of identify {unknown}
 k - a scroll of torment {unknown}
 m - a scroll of brand weapon {unknown}
Potions
 h - 2 potions of curing {unknown}


   Skills:
 + Level 1.9 Fighting
 * Level 5.8 Ranged Weapons
 + Level 2.8 Dodging
 + Level 2.0 Stealth


You had one spell level left.
You didn't know any spells.
Your spell library was empty.

Dungeon Overview and Level Annotations

Branches:
Dungeon (2/15)

Altars:

Shops:
D:2 ?


Innate Abilities, Weirdness & Mutations

You have a somewhat thin skeletal structure. (Dex +2, Stealth+)
You are dopey. (Int -2)


Message History

The necrophage hits you.
You feel drained.
You shoot an arrow. The arrow hits the necrophage.
The necrophage is heavily damaged.
The necrophage barely misses you.
You shoot an arrow. The arrow barely misses the necrophage.
The necrophage hits you. The necrophage barely misses you.
You shoot an arrow. The arrow barely misses the necrophage.
The necrophage completely misses you.
You shoot an arrow. The arrow barely misses the necrophage.
The necrophage hits you but does no damage.
You shoot an arrow.
The arrow hits the necrophage but does no damage.
The necrophage is heavily damaged.
The necrophage barely misses you.
You shoot an arrow.
The arrow hits the necrophage but does no damage.
The necrophage is heavily damaged.
The necrophage hits you but does no damage.
The necrophage hits you.
You shoot an arrow. The arrow hits the necrophage.
The necrophage is severely damaged.
The necrophage barely misses you.
You shoot an arrow. The arrow barely misses the necrophage.
The necrophage hits you but does no damage.
You shoot an arrow.
The arrow closely misses the necrophage.
The necrophage closely misses you.
You shoot an arrow.
The arrow hits the necrophage but does no damage.
The necrophage is severely damaged.
The necrophage hits you.
You feel drained.
You are too injured to fight recklessly!
You are too injured to fight recklessly!
It was a potion of attraction.
You feel attractive to monsters. The necrophage barely misses you.
It was a potion of mutation.
You feel extremely strange.
You feel stupid.
Your bones become slightly less dense.
The necrophage hits you!
You die...

#########
......n.#
#@# #.#
#.# #.#
#.###
#...#
###.# #.#
#.#


You could see a necrophage.

Vanquished Creatures
  A bat (D:1)
  4 endoplasms
  A hobgoblin (D:1)
  4 jackals (D:1)
  4 kobolds (D:1)
  2 quokkas (D:1)
  2 ball pythons (D:1)
  3 goblins
  A rat (D:1)
22 creatures vanquished.

Notes
Turn   | Place    | Note
-------+----------+-------------------------------------------
     0 | D:1      | purpskrrrp the Deep Elf Hunter began the quest for the Orb.
     0 | D:1      | Reached XP level 1. HP: 12/12 MP: 3/3
   110 | D:1      | Reached XP level 2. HP: 17/17 MP: 4/4
   857 | D:2      | Found Doddoiw's Magic Scroll Shoppe.
   952 | D:2      | Noticed a necrophage
   967 | D:2      | Gained mutation: You are dopey. (Int -2) [potion of
                  | mutation]
   967 | D:2      | Gained mutation: You have a somewhat thin skeletal
                  | structure. (Dex +2, Stealth+) [potion of mutation]
   967 | D:2      | Slain by a necrophage

Illustrated notes

Levels and vault maps discovered:
D:1:      dpeg_arrival_boxes_within_box, layout_basic
D:2:      layout_loops_ring, serial_shops, shop, nicolae_kite_square_tiling_tiny

Skill      XL: |  1  2 |
---------------+-------+-----
Stealth        | 2 |  2.0
Fighting       | |  1.9
Ranged Weapons | |  5.8
Dodging        | |  2.8

Action                     || total
---------------------------++-------
   Fire: Shortbow          ||    59
    Use: Potion            ||     2
 Armour: Leather armour    ||     5
  Dodge: Dodged            ||    15

Table legend: (Time is in decaauts)
 A = Elapsed time spent in this place.
 B = Non-inter-level travel time spent in this place.
 C = Inter-level travel time spent in this place.
 D = Time resting spent in this place.
 E = Time spent auto-exploring this place.
 F = Levels seen in this place.
 G = Mean time per level.
                   A        B        C        D        E       F      G
               +--------+--------+--------+--------+--------+-----+--------+
         Total |    982 |    912 |     70 |      0 |    798 |   2 |  491.0 |
       Dungeon |    982 |    912 |     70 |      0 |    798 |   2 |  491.0 |
               +--------+--------+--------+--------+--------+-----+--------+

Top non-repeatable levels by time:
     D:1: 851 daAuts
     D:2: 130 daAuts
